 Dungeon Crawl Stone Soup version 0.23.2 (webtiles) character file.

Game seed: 4337505539043000786

23 Kairos the Skirmisher (level 3, 30/30 HPs)
             Began as a Formicid Abyssal Knight on Apr 10, 2019.
             Was a Follower of Lugonu.
             Quit the game on level 1 of the Dungeon.
             The game lasted 00:00:52 (868 turns).

Kairos the Skirmisher (Formicid Abyssal Knight)      Turns: 868, Time: 00:00:53

Health: 30/30      AC:  3    Str: 17    XL:     3   Next: 10%
Magic:  4/4        EV: 11    Int: 11    God:    Lugonu [*.....]
Gold:   73         SH:  0    Dex: 10    Spells: 2/2 levels left

rFire    . . .     SeeInvis +   a - +1 spear
rCold    . . .     Gourm    .   (no shield)
rNeg     . . .     Faith    .   b - +0 leather armour
rPois    .         Spirit   .   (helmet unavailable)
rElec    .         Reflect  .   (no cloak)
rCorr    .         Harm     .   (no gloves)
MR       .....                  (no boots)
Stlth    +.........             e - amulet of magic regeneration
HPRegen  0.10/turn              (no ring)
MPRegen  0.34/turn              (no ring)

@: no status effects
A: permanent stasis, dig shafts and tunnels, four strong arms, antennae 3
a: Dig, Shaft Self, Depart the Abyss, Renounce Religion


You were on level 1 of the Dungeon.
You worshipped Lugonu.
Lugonu was aware of your devotion.
You were not hungry.

You visited 1 branch of the dungeon, and saw 1 of its levels.
You visited the Abyss 1 time.

You collected 73 gold pieces.

Inventory:

Hand Weapons
 a - a +1 spear (weapon)
Armour
 b - a +0 leather armour (worn)
Jewellery
 e - an amulet of magic regeneration (around neck)
Scrolls
 d - 4 scrolls of remove curse
 g - a scroll of amnesia {unknown}
Potions
 f - a potion of flight
 h - a potion of ambrosia {unknown}
Comestibles
 c - 2 rations


   Skills:
 + Level 3.9 Fighting
 + Level 2.1 Polearms
 + Level 2.4 Armour
 + Level 0.8 Dodging
 + Level 0.1 Stealth
 + Level 2.5 Invocations


You had 2 spell levels left.
You didn't know any spells.
Your spell library was empty.

Dungeon Overview and Level Annotations

Branches:
Dungeon (1/15)

Altars:


Innate Abilities, Weirdness & Mutations

You cannot be hasted, slowed, berserked, paralysed or teleported.
You can dig through walls and to a lower floor.
Your four strong arms can wield two-handed weapons with a shield.
You have a pair of large antennae on your head. (SInv)


Message History

The hobgoblin hits you but does no damage.
You hit the hobgoblin.
You kill the hobgoblin!
Lugonu accepts your kill.
You see here a hobgoblin corpse.
No target in view!
You see here a hobgoblin corpse.
There is an escape hatch in the floor here.
h - a glowing emerald potion You see here a bat skeleton.
Key pressed, stopping explore.
Things that are here:
a +0 dagger; a ball python skeleton Key pressed, stopping explore.
Partly explored, can't reach some places.
Unknown command.
Partly explored, can't reach some places.
Partly explored, can't reach some places.
Partly explored, can't reach some places.
Are you sure you want to abandon this character and quit the game? (Confirm with "yes".)

..########..P.♣P..#..######.#
............P..♣♣....#......#
♣.............P.♣♣...#.##########
♣########.....P..PP..#.#....#...#
♣########........PP..#.#†##.#...#
♣..(..)..............#.#..#.#...#
##########.##...##...#.##.#.#...#
#.##♣♣♣♣♣.#.#....#.#...# #.#
♣..@..#.######.#...#
#.##♣.♣P♣##.#......#...# #
#.##P.P♣♣ #.#.######...# ##
#.##♣.P♣♣##.#.#....#.... .# ##.#
#.......#.#.##.#...# .# #..#
#...##..#.#..#.#.### .##
#.####...##..#.##.#.### ..## #.#
#....##..#.)..#.# ...######.#
#.#..##..######.#


There were no monsters in sight!

Vanquished Creatures
  2 leopard geckos (D:1)
  A ball python (D:1)
  2 giant cockroaches (D:1)
  3 goblins (D:1)
  2 hobgoblins (D:1)
  4 bats (D:1)
  4 rats (D:1)
18 creatures vanquished.

Notes
Turn   | Place    | Note
-------+----------+-------------------------------------------
     0 | Abyss:1  | Kairos the Formicid Abyssal Knight began the quest for the
                  | Orb.
     0 | Abyss:1  | Reached XP level 1. HP: 18/18 MP: 2/2
    20 | D:1      | Escaped the Abyss
   432 | D:1      | Reached XP level 2. HP: 17/24 MP: 3/3
   497 | D:1      | Reached * piety under Lugonu
   651 | D:1      | Reached XP level 3. HP: 29/30 MP: 4/4
   868 | D:1      | Quit the game

Action                   || total
-------------------------++-------
Melee: Spear             ||    55
Invok: Depart the Abyss  ||     1
 Abil: Dig               ||     2
  Use: Scroll            ||     2
 Stab: Sleeping          ||     1
Armor: Leather armour    ||    15
Dodge: Dodged            ||    20
